 Dungeon Crawl Stone Soup version 0.27.0-65-ge2af304b15 (webtiles) character file.

Game seed: 13268393869346581547

445 robertstho the Covered (level 7, 0/60 HPs)
             Began as a Ghoul Fighter on Aug 18, 2021.
             Killed by divine providence
             ... invoked by an orc priest
              (13 damage)
             ... on level 4 of the Dungeon.
             The game lasted 00:03:56 (3915 turns).

robertstho the Covered (Ghoul Fighter)              Turns: 3915, Time: 00:03:57

Health: 0/60       AC: 13    Str: 19 (21) XL:     7   Next: 3%
Magic:  6/6        EV:  3    Int:  2 (4)  God:
Gold:   128        SH:  9    Dex:  7 (8)  Spells: 6/6 levels left

rFire    + . .     SeeInvis +     - Unarmed
rCold    . . .     Faith    .   b - +0 kite shield
rNeg     + + +     Spirit   .   k - +0 plate armour
rPois    ∞         Reflect  .   (no helmet)
rElec    .         Harm     .   (no cloak)
rCorr    .         Rampage  .   i - +0 pair of gloves
Will     .....                  (no boots)
Stlth    ..........             (no amulet)
HPRegen  0.00/turn              h - ring of see invisible
MPRegen  0.10/turn              e - ring of fire

@: mighty, marked, attractive, inhibited regen
A: claws 1, cold resistance 1, negative energy resistance 3, inhibited
regeneration, torment resistance 2
a: no special abilities


You were on level 4 of the Dungeon.
You visited 1 branch of the dungeon, and saw 4 of its levels.

You collected 128 gold pieces.

Inventory:

Armour
 b - a +0 kite shield (worn)
 i - a +0 pair of gloves (worn)
 k - a +0 plate armour (worn)
Jewellery
 e - a ring of fire (right hand)
 h - a ring of see invisible (left hand)
Scrolls
 g - a scroll of enchant weapon
Potions
 c - a potion of might
 f - 3 potions of degeneration


   Skills:
 * Level 4.4 Fighting
 * Level 4.4 Armour
 + Level 0.6 Dodging
 * Level 2.8 Stealth
 + Level 3.7 Shields
 + Level 4.0 Unarmed Combat


You had 6 spell levels left.
You didn't know any spells.
Your spell library was empty.

Dungeon Overview and Level Annotations

Branches:
Dungeon (4/15)
 Temple: D:4-7

Altars:


Innate Abilities, Weirdness & Mutations

You thrive by killing the living.
You are immune to poison.
You have sharp fingernails.
Your flesh is cold resistant. (rC+)
You are immune to negative energy. (rN+++)
You do not regenerate when monsters are visible.
You are immune to unholy pain and torment.


Message History

You block the orc's attack. The gnoll hits you but does no damage.
The orc is pulled toward you! The gnoll is pulled toward you!
The orc is pulled toward you! x2
You feel very mighty all of a sudden.
The orc priest hits you but does no damage.
The orc completely misses you.
An orc comes into view. It is wielding a +0 falchion.
The gnoll hits you but does no damage. You block the gnoll's attack.
You block the orc's attack. The orc hits you but does no damage.
The orc hits you with a +0 flail! The gnoll hits you but does no damage.
The orc is pulled toward you! x2
It was a potion of degeneration.
There was something very wrong with that liquid.
You feel weakened.
You feel dopey.
You feel clumsy. The orc hits you with a +0 short sword.
The orc priest hits you with a +0 dagger.
You block the gnoll's attack. x2
An orc comes into view. It is wielding a +2 vampiric hand axe.
The orc hits you but does no damage. The orc hits you with a +0 trident.
The orc hits you with a +0 flail! The gnoll barely misses you.
The orc is pulled toward you!
You closely miss the gnoll.
The orc priest hits you but does no damage.
The orc hits you but does no damage.
The gnoll hits you but does no damage. x2
You block the orc's attack. The orc hits you but does no damage.
A gnoll comes into view. It is wielding a +0 whip.
The orc hits you with a +0 flail.
* * * LOW HITPOINT WARNING * * *
You block the gnoll's attack. The orc hits you but does no damage.
You block the orc priest's attack. The gnoll is pulled toward you!
You punch the gnoll!
The gnoll is severely wounded.
You block the gnoll's attack. The gnoll hits you but does no damage.
The orc hits you but does no damage. x3
An orc comes into view. It is wielding a +0 short sword.
The gnoll hits you from afar with a +0 spear.
* * * LOW HITPOINT WARNING * * *
The orc priest calls down the wrath of Beogh upon you.
Beogh smites you!
You die...

...####.##.#.#.##.##.######
......)...........).........
≈≈≈≈≈≈≈†....≈≈≈≈≈≈†≈≈≈≈≈≈≈≈≈
≈≈≈≈≈≈≈†...(≈≈≈≈≈≈≈≈≈≈≈≈≈≈≈≈
≈≈≈≈≈≈≈≈....≈≈≈≈≈≈≈≈≈≈≈≈####
........................# .
########''''#############
.......#....#oooo...#
..)....#....#@oOog^.#
.......)...ggoogo...#
+##################o#


You could see an ogre, an orc priest, 4 gnolls and 9 orcs.

Vanquished Creatures
  A scorpion (D:4)
  3 orc priests
  A hound (D:4)
  Jessica (D:3)
  An iguana (D:4)
  2 orc wizards (D:4)
  3 gnolls (D:4)
  2 adders
  A worm (D:2)
  2 dart slugs
  13 orcs
  9 ball pythons
  2 bats
  5 endoplasms
  A giant cockroach (D:2)
  14 goblins
  8 hobgoblins
  14 jackals
  4 kobolds
  2 quokkas
  5 frilled lizards
  6 rats
100 creatures vanquished.

Notes
Turn   | Place    | Note
-------+----------+-------------------------------------------
     0 | D:1      | robertstho the Ghoul Fighter began the quest for the Orb.
     0 | D:1      | Reached XP level 1. HP: 19/19 MP: 0/0
   109 | D:1      | Reached XP level 2. HP: 25/26 MP: 1/1
   506 | D:1      | Reached XP level 3. HP: 24/31 MP: 2/2
   666 | D:1      | Reached skill level 1 in Stealth
  1120 | D:2      | Found a faded altar of an unknown god.
  1295 | D:2      | Reached XP level 4. HP: 31/40 MP: 3/3
  1863 | D:3      | Noticed Jessica
  1869 | D:3      | Killed Jessica
  2625 | D:3      | Reached XP level 5. HP: 46/46 MP: 4/4
  3255 | D:4      | Reached XP level 6. HP: 27/52 MP: 5/5
  3893 | D:4      | Reached XP level 7. HP: 60/60 MP: 6/6
  3915 | D:4      | Killed from afar by an orc priest

Illustrated notes

Levels and vault maps discovered:
D:1:      matt_arrival_refuge, layout_basic
D:2:      layout_rooms, hellmonk_ecumenical_altar_crossroads
D:3:      layout_basic, minmay_goblin_outpost, uniq_jessica
D:4:      lemuel_castle_with_subvaults [lemuel_castle_interior_carwin_3],
          layout_loops_cross, uniq_duvessa, uniq_blork_the_orc

Skill      XL: |  1  2  3  4  5  6 |
---------------+-------------------+-----
Armour         | 3 4 |  4.4
Stealth        | 1 2 |  2.8
Shields        | 3 |  3.7
Unarmed Combat | 3 4 |  4.0
Fighting       | 4 |  4.4
Dodging        | |  0.6

Action                   |  1- 3 |  4- 6 |  7- 9 || total
-------------------------+-------+-------+-------++-------
Melee: Unarmed           |   132 |   203 |    18 ||   353
  Use: Scroll            |     3 |     4 |     1 ||     8
       Potion            |       |       |     3 ||     3
Armor: Scale mail        |    28 |       |       ||    28
       Chain mail        |    69 |    11 |       ||    80
       Plate armour      |       |    83 |    34 ||   117
Dodge: Dodged            |    33 |    44 |     5 ||    82
Block: Kite shield       |    69 |   113 |    18 ||   200
